 Dungeon Crawl Stone Soup version 0.27.0-1-g7a089689b8 (webtiles) character file.

Game seed: 6128058680788837065

925 MoonlitKnight the Spear-Bearer (level 8, -7/64 HPs)
             Began as a Merfolk Gladiator on Aug 15, 2021.
             Was a Follower of Uskayaw.
             Mangled by an unseen horror (8 damage)
             ... on level 5 of the Dungeon.
             The game lasted 00:08:08 (4741 turns).

MoonlitKnight the Spear-Bearer (Merfolk Gladiator)  Turns: 4741, Time: 00:08:08

Health: -7/64      AC:  8    Str: 17    XL:     8   Next: 10%
Magic:  0/8        EV: 11    Int:  7    God:    Uskayaw [*.....]
Gold:   217        SH:  0    Dex: 19    Spells: 7/7 levels left

rFire    . . .     SeeInvis .   w - +5 whip of the Four Curses {vorpal, rCorr Dex+4}
rCold    . . .     Faith    .   (no shield)
rNeg     . . .     Spirit   +   b - +0 scale mail
rPois    +         Reflect  .   c - +0 helmet
rElec    .         Harm     .   (no cloak)
rCorr    +         Rampage  .   (no gloves)
Will     .....                  p - +0 pair of boots
Stlth    ..........             m - amulet of guardian spirit
HPRegen  0.20/turn              q - ring of poison resistance
MPRegen  0.11/turn              (no ring)

@: no status effects
A: (nimble swimmer 2), mertail
a: Renounce Religion, Stomp


You were on level 5 of the Dungeon.
You worshipped Uskayaw.
Uskayaw was noncommittal.
You visited 1 branch of the dungeon, and saw 5 of its levels.

You collected 217 gold pieces.

Inventory:

Hand Weapons
 a - a +0 trident
 w - the +5 whip of the Four Curses (weapon) {vorpal, rCorr Dex+4}
   (You found it on level 4 of the Dungeon)

   It inflicts extra damage upon your enemies.
   Dex:       It affects your dexterity (+4).
   rCorr:     It protects you from acid and corrosion.
Missiles
 d - 3 throwing nets
 g - 49 stones
 l - a boomerang (quivered)
Armour
 b - a +0 scale mail (worn)
 c - a +0 helmet (worn)
 p - a +0 pair of boots (worn)
Jewellery
 m - an amulet of guardian spirit (around neck)
 q - a ring of poison resistance (left hand)
 x - a ring of ice
Wands
 z - a wand of charming (9)
Scrolls
 e - a scroll of enchant armour {unknown}
 f - 7 scrolls of identify {unknown}
 j - 2 scrolls of enchant weapon {unknown}
 r - a scroll of vulnerability {unknown}
 s - a scroll of fear {unknown}
 u - a scroll of amnesia {unknown}
 y - a scroll of holy word {unknown}
Potions
 h - 3 potions of attraction {unknown}
 i - 3 potions of heal wounds {unknown}
 k - a potion of berserk rage {unknown}
 n - 2 potions of curing {unknown}
 o - a potion of mutation {unknown}
 t - a potion of resistance {unknown}
 v - a potion of haste {unknown}


   Skills:
 + Level 6.1 Fighting
 - Level 11.1 Polearms
 - Level 2.0 Throwing
 - Level 4.0 Dodging


You had 7 spell levels left.
You didn't know any spells.
Your spell library contained the following spells:

 Spells                   Type           Power      Damage    Failure   Level
 Passwall                 Tmut/Erth      0%         N/A       95%         2
 Slow                     Hex            0%         N/A       95%         2
 Confusing Touch          Hex            0%         N/A       99%         3
 Ignite Poison            Fire/Tmut/Pois 0%         N/A       99%         3
 Mephitic Cloud           Conj/Pois/Air  0%         N/A       99%         3
 Swiftness                Air            0%         N/A       99%         3
 Bolt of Magma            Conj/Fire/Erth 0%         4d4       100%        5
 Yara's Violent Unravell  Hex/Tmut       0%         3d3       100%        5
 Invisibility             Hex            0%         N/A       100%        6


Dungeon Overview and Level Annotations

Branches:
Dungeon (5/15)             Temple (0/1) D:4

Altars:
Dithmenos
Elyvilon
Kikubaaqudgha
Makhleb
Ru
Trog
Uskayaw

Shops:
D:1 (


Innate Abilities, Weirdness & Mutations

((You are quick and stealthy near water. (Stealth+, EV+, Speed+++)))
Your lower body shifts to a powerful aquatic tail in water.


Message History

Deactivating autopickup; reactivate with Ctrl-A.
Found 18 gold pieces.
Something hits you.
Something hits you but does no damage. x2
Something hits you but does no damage.
You hit something. Something hits you!
Your scale mail prevents you from hitting something.
Something hits you but does no damage. Something hits you.
You hit something but do no damage. Something hits you!
You closely miss something. Something hits you. x3
You hit something but do no damage. Something hits you.
You hit something. Something hits you.
Something hits you but does no damage. x2
You hit something. Something hits you but does no damage.
You barely miss something. Something hits you.
Something hits you but does no damage.
A gnoll comes into view. It is wielding a +0 flail.
You miss something.
The gnoll shouts!
Something hits you. Something completely misses you.
You closely miss something. Something hits you.
Something hits you but does no damage.
You miss something. Something hits you.
* * * LOW HITPOINT WARNING * * *
Something hits you but does no damage. Something hits you.
* * * LOW HITPOINT WARNING * * *
Something hits you.
* * * LOW HITPOINT WARNING * * *
Something hits you.
* * * LOW HITPOINT WARNING * * *
Something hits you but does no damage. Something hits you!
* * * LOW HITPOINT WARNING * * *
Something hits you but does no damage. Something hits you but does no damage.
Something barely misses you. Something hits you but does no damage.
Something hits you.
* * * LOW HITPOINT WARNING * * *
Something hits you!
You die...

...........#...##l'#.#))
.............##JOJ#.#..
.##...#......#...##.##.
#...#...##.#$.##J..##
#..##..#....#..####.....#
#...............g........
#.....#..##...l...#.{...#
#....##.........###......
##..##.<@.#..........#...
### #..####).###........
##..##))## ##.......
##..##.## #..#####
#......# ##.......
##....## ##........
###.## #......... ###
##..#..... #...##....


You could see an iguana.

Vanquished Creatures
  Grinder (D:5)
  A hornet zombie (D:5)
  A centaur (D:5)
  A phantom (D:5)
  A water moccasin skeleton (D:5)
  A jelly (D:4)
  2 hounds
  3 orc priests
  2 orc wizards (D:5)
  A scorpion zombie (D:4)
  A hound skeleton (D:4)
  A gnoll (D:5)
  5 adders
  A shadow imp (D:5)
  2 white imps
  2 worms
  2 dart slugs (D:3)
  14 orcs
  4 ball pythons
  5 bats
  5 endoplasms
  2 giant cockroaches
  9 goblins
  4 hobgoblins
  11 jackals
  4 kobolds
  4 quokkas
  6 frilled lizards
  3 rats
99 creatures vanquished.

Notes
Turn   | Place    | Note
-------+----------+-------------------------------------------
     0 | D:1      | MoonlitKnight the Merfolk Gladiator began the quest for the
                  | Orb.
     0 | D:1      | Reached XP level 1. HP: 16/16 MP: 1/1
   348 | D:1      | Reached skill level 5 in Polearms
   363 | D:1      | Reached XP level 2. HP: 22/22 MP: 2/2
   510 | D:1      | Found Hueniad's Weapon Shop.
   710 | D:2      | Found a bloodstained altar of Trog.
   952 | D:2      | Reached skill level 6 in Polearms
   952 | D:2      | Reached XP level 3. HP: 27/27 MP: 3/3
  1632 | D:2      | Found a faded altar of an unknown god.
  1861 | D:3      | Reached XP level 4. HP: 33/33 MP: 4/4
  1904 | D:3      | Reached skill level 7 in Polearms
  2230 | D:3      | Reached skill level 8 in Polearms
  2230 | D:3      | Reached XP level 5. HP: 38/38 MP: 5/5
  2454 | D:3      | Found a hide-covered altar of Uskayaw.
  2478 | D:3      | Became a worshipper of Uskayaw the Reveller
  2538 | D:3      | Reached * piety under Uskayaw
  2594 | D:4      | Reached ** piety under Uskayaw
  2595 | D:4      | Found a staircase to the Ecumenical Temple.
  2614 | D:4      | Found an ancient bone altar of Kikubaaqudgha.
  2666 | D:4      | Found a shadowy altar of Dithmenos.
  2730 | D:4      | Found a burning altar of Makhleb.
  2792 | D:4      | Reached skill level 9 in Polearms
  2890 | D:4      | Reached XP level 6. HP: 44/44 MP: 6/6
  3236 | D:4      | Identified the +5 whip of the Four Curses {vorpal, rCorr
                  | Dex+4}
  3414 | D:4      | Found a white marble altar of Elyvilon.
  3417 | D:4      | Found a sacrificial altar of Ru.
  3432 | D:5      | Entered Level 5 of the Dungeon
  3460 | D:5      | Noticed Grinder
  3482 | D:5      | Killed Grinder
  3482 | D:5      | Reached *** piety under Uskayaw
  3483 | D:5      | Reached skill level 11 in Polearms
  3483 | D:5      | Reached XP level 7. HP: 31/50 MP: 5/7
  4218 | D:5      | Reached **** piety under Uskayaw
  4402 | D:5      | Reached skill level 5 in Fighting
  4523 | D:5      | Reached XP level 8. HP: 37/64 MP: 5/8
  4729 | D:5      | HP: 3/64 [something (7)]
  4740 | D:5      | HP: 1/64 [something (4)]
  4741 | D:5      | Mangled by an unseen horror

Illustrated notes

Levels and vault maps discovered:
D:1:      mainiacjoe_arrival_reflecting_pool, layout_basic, serial_shops, shop
D:2:      cheibrodos_helix_gallery, layout_basic, basic_altar,
          dreamdust_ecumenical_altar_hidden_monk_grotto
D:3:      layout_loops_ring, mainiacjoe_overflow_brackets
D:4:      minmay_chambers_of_fours, layout_rooms, mainiacjoe_overflow_boulevard,
          nicolae_dithmenos_shadow_blocks, nicolae_overflow_hidden_temple,
          minmay_temple_entry_trees, chequers_jeans, kennysheep_generic_room_5
D:5:      cheibrodos_barr_body, layout_cave_pools, kennysheep_generic_room_4,
          uniq_grinder, uniq_blork_the_orc

Skill      XL: |  1  2  3  4  5  6  7 |
---------------+----------------------+-----
Polearms       | 5 6 8 9 11 | 11.1
Fighting       | 6 |  6.1
Throwing       | |  2.0
Dodging        | |  4.0

Action                   |  1- 3 |  4- 6 |  7- 9 || total
-------------------------+-------+-------+-------++-------
Melee: Trident           |   105 |    90 |       ||   195
       Whip              |       |    12 |    92 ||   104
Throw: Stone             |    40 |       |       ||    40
       Boomerang         |    21 |    35 |       ||    56
Invok: Stomp             |       |       |     1 ||     1
 Stab: Paralysed         |       |       |     4 ||     4
Armor: Leather armour    |    17 |    19 |     6 ||    42
       Scale mail        |       |       |    43 ||    43
Dodge: Dodged            |    45 |    38 |    61 ||   144
